 Dungeon Crawl Stone Soup version 0.31.0-11-ge490571c62 (webtiles) character file.

Game seed: 18092789137750985110

15 Lolow the Trooper (level 2, -1/27 HPs)
             Began as a Hill Orc Fighter on Feb 2, 2024.
             Succumbed to a kobold's poison
             ... on level 1 of the Dungeon.
             The game lasted 00:02:55 (342 turns).

Lolow the Trooper (Hill Orc Fighter)                 Turns: 342, Time: 00:02:55

Health: -1/27      AC:  8    Str: 18    XL:     2   Next: 50%
Magic:  2/2        EV:  9    Int:  8    God:
Gold:   49         SH:  4    Dex: 10    Spells: 1/1 levels left

rFire   . . .        a - +0 war axe
rCold   . . .        c - +0 buckler
rNeg    . . .        b - +0 scale mail
rPois   .            (no helmet)
rElec   .            e - +0 cloak
rCorr   .            (no gloves)
SInv    .            (no boots)
Will    .....        (no amulet) Stlth
                     (no ring)
HPRegen 0.24/turn    (no ring)
MPRegen 0.08/turn

%: no passive effects
@: lethally poisoned (-1 -> -13)
A: no striking features
a: no special abilities


You were on level 1 of the Dungeon.
You visited 1 branch of the dungeon, and saw 1 of its levels.

You collected 49 gold pieces.

Inventory:

Hand Weapons
 a - a +0 war axe (weapon)
 g - a +0 dagger
Missiles
 h - 3 stones (quivered)
Armour
 b - a +0 scale mail (worn)
 c - a +0 buckler (worn)
 e - a +0 cloak (worn)
Scrolls
 f - a scroll of noise {unknown}
Potions
 d - a potion of might
 i - a potion of cancellation {unknown}


   Skills:
 + Level 4.0 Fighting
 + Level 3.0 Axes
 + Level 3.4 Armour
 + Level 3.5 Shields


You had one spell level left.
You didn't know any spells.
Your spell library was empty.

Dungeon Overview and Level Annotations

Branches:
Dungeon (1/15)

Altars:


Message History

You closely miss the quokka. The quokka completely misses you.
You closely miss the quokka. The quokka closely misses you.
The quokka bites you.
You slash the quokka!
You kill the quokka!
Your Fighting skill increases to level 4!
Found a stone staircase leading down.
Found an escape hatch in the floor.
There is a stone staircase leading down here.
There is an escape hatch in the floor here.
i - a lumpy grey potion A kobold comes into view.
It is wielding a +1 whip of venom.
The kobold shouts!
You closely miss the kobold. The kobold hits you but does no damage.
You are poisoned.
The kobold hits you but does no damage.
You are more poisoned.
You hit the kobold.
The kobold is heavily wounded.
You feel very sick. The kobold hits you but does no damage.
You are more poisoned.
You hit the kobold.
The kobold is severely wounded.
You feel very sick.
The kobold hits you with a +1 whip of venom.
You are more poisoned.
You closely miss the kobold.
The kobold is severely wounded.
* * * LOW HITPOINT WARNING * * *
You feel extremely sick. You block the kobold's attack.
The kobold barely misses you.
You slash the kobold!
You kill the kobold!
* * * LOW HITPOINT WARNING * * *
You feel very sick.
Sorry, you're not good enough to have a special ability.
There is a lethal amount of poison in your body!
There is a lethal amount of poison in your body!
You die...

#.......# # #
#.......#.#
####.......#.#
...#..........
##.........#.#
..#........#.#.
..##.......#.#.###
..####.#.#...#...#
..####.#.#.#.###@#
..#....#...#.#...#
..#.####..##.##.##
.......#........#
.......##.#..####
.......##....######
.......###........#
.......# ##>.####.#
.......# #.## #.#


There were no monsters in sight!

Vanquished Creatures
  A dart slug (D:1)
  A ball python (D:1)
  A giant cockroach (D:1)
  A hobgoblin (D:1)
  3 quokkas (D:1)
  A goblin (D:1)
  3 kobolds (D:1)
  A rat (D:1)
12 creatures vanquished.

Notes
Turn   | Place    | Note
-------+----------+-------------------------------------------
     0 | D:1      | Lolow the Hill Orc Fighter began the quest for the Orb.
     0 | D:1      | Reached XP level 1. HP: 19/19 MP: 1/1
   107 | D:1      | Reached XP level 2. HP: 27/27 MP: 2/2
   266 | D:1      | Reached skill level 4 in Fighting
   342 | D:1      | Succumbed to a kobold's poison

Illustrated notes

Levels and vault maps discovered:
D:1:      saegor_arrival_miasma, layout_basic, st_stairs_7

Skill      XL: |  1  2 |
---------------+-------+-----
Axes           | 3 |  3.0
Fighting       | 4 |  4.0
Armour         | |  3.4
Shields        | |  3.5

Action                     || total
---------------------------++-------
  Melee: War axe           ||    30
  Throw: Stone             ||     2
 Armour: Scale mail        ||    20
  Dodge: Dodged            ||    10
  Block: Buckler           ||     7
